 Dungeon Crawl Stone Soup version 0.31-a0-844-gdc52ec4e09 (webtiles) character file.

Game seed: 4779527493046308363

256 kae the Cudgeller (level 6, -3/70 HPs)
             Began as a Formicid Fighter on Sept 29, 2023.
             Slain by an orc
             ... wielding a +0 morningstar
              (6 damage)
             ... on level 3 of the Dungeon.
             The game lasted 00:01:45 (1906 turns).

kae the Cudgeller (Formicid Fighter)                Turns: 1906, Time: 00:01:46

Health: -3/70      AC: 23    Str: 20 (22) XL:     6   Next: 39%
Magic:  5/5        EV:  2    Int:  6 (8)  God:
Gold:   36         SH:  5    Dex: 11 (13) Spells: 5/5 levels left

rFire   . . .        a - +1 flail
rCold   . . .        c - +1 buckler
rNeg    + . .        b - melded +0 scale mail
rPois   +            (helmet unavailable)
rElec   .            (cloak currently unavailable)
rCorr   .            (gloves currently unavailable)
SInv    .            (boots currently unavailable)
Will    .....        (no amulet)
Stlth   +            N - ring of positive energy
HPRegen 0.31/turn    (no ring)
MPRegen 0.09/turn

%: no passive effects
@: brilliant, tree-form (expiring)
A: stationary, stasis, torment immunity, boosted hp, permanent stasis, dig
shafts and tunnels, (antennae 3), four strong arms, (iridescent scales 1),
deterioration 1, low MP 1, (shaggy fur 1)
a: no special abilities


You were on level 3 of the Dungeon.
You were a tree.
You visited 1 branch of the dungeon, and saw 3 of its levels.

You collected 36 gold pieces.


Innate Abilities, Weirdness & Mutations

You are a tree.
Your roots penetrate the ground, keeping you stationary.
You cannot be teleported.
You are immune to unholy pain and torment.
Your maximum health is greatly increased.
Your equipment is partially melded.
You cannot be hasted, slowed, berserked, paralysed or teleported.
You can dig through walls and to a lower floor.
((You have a pair of large antennae on your head. (SInv)))
Your four strong arms can wield two-handed weapons with a shield.
((You are partially covered in iridescent scales. (AC +2)))
Your body sometimes deteriorates upon taking damage.
Your magical capacity is low. (-10% MP)
((You are covered in fur. (AC +1)))


   Skills:
 - Level 3.2 Fighting
 + Level 6.3 Maces & Flails
 - Level 3.2 Armour
 - Level 4.0 Shields


You had 5 spell levels left.
You didn't know any spells.
Your spell library was empty.

Inventory:

Hand Weapons
 a - a +1 flail (weapon)
Missiles
 e - 6 poisoned darts
 h - 45 stones
Armour
 b - a +0 scale mail (melded)
 c - a +1 buckler (worn)
Magical Staves
 l - a staff of poison {!a}
   (You found it on level 2 of the Dungeon)
Jewellery
 N - a ring of positive energy (left branch)
   (You took it off a goblin on level 1 of the Dungeon)
Wands
 n - a wand of flame (28)
   (You found it on level 2 of the Dungeon)
Scrolls
 g - a scroll of revelation {unknown}
 m - 2 scrolls of identify {unknown}
Potions
 d - a potion of might
 f - a potion of mutation {!q}
 p - 2 potions of brilliance

Dungeon Overview and Level Annotations

Branches:
Dungeon (3/15) Zot: 16039

Altars:
Dithmenos

....†....#..........#
.....##..#[##.......#
##.#.......##.......#
...#.......##.......#
#####........########
#......#.########
#..##..#........# ##
#..##....<...##.# .##
#.. ...#.
##♣##.######. †.# ##
#### #)o.........
.)####..
.#####.#############
........
.......)†............
~~≈~~~~~
~≈≈~~~~)~~~~~~≈~~~~..
≈≈≈≈≈≈≈~
~≈≈≈~o≈≈≈≈≈≈≈≈≈≈≈~~..
~~≈≈~~~~
~~~~~~~≈~~~≈#####≈~..
........
............#o{g#≈~..
########
#############o{.#≈≈P)


You could see an orc.


Message History

😨 HP[-7]
You take 7 damage, and now have 19/47 hp.
The orc shouts!
You hit the gnoll but do no damage. You block the gnoll's attack.
You hit the gnoll. The gnoll closely misses you.
An orc comes into view. It is wielding a +0 morningstar.
You closely miss the gnoll.
The orc shouts!
You block the gnoll's attack. 😨 HP[+1]
You barely miss the gnoll. The gnoll barely misses you.
You block the gnoll's attack.
You hit the gnoll but do no damage. The gnoll hits you with a +0 flail.
* * * LOW HITPOINT WARNING * * *
😨 HP[-6]
You take 6 damage, and now have 14/47 hp.
You hit the gnoll. The gnoll hits you with a +0 flail!
* * * LOW HITPOINT WARNING * * *
😱 HP[-9]
You take 9 damage, and now have 5/47 hp.
Unknown command.
You hit the gnoll.
You kill the gnoll!
Unknown command.
The orc hits you but does no damage. The orc attacks as it pursues you!
You block the orc's attack. 😱 HP[+1]
The orc attacks as it pursues you! The orc hits you with a +0 dagger.
* * * LOW HITPOINT WARNING * * *
😱 HP[-2]
You take 2 damage, and now have 4/47 hp.
You can't go up here!
Unknown command.
It was a potion of berserk rage.
Your stasis prevents you from going berserk.
The orc hits you but does no damage.
Unknown command.
It was a potion of mutation.
You feel extremely strange. Fur sprouts all over your body.
You feel yourself wasting away.
You feel less energetic.
Iridescent scales grow over part of your body.
The orc closely misses you. 😱 HP[+1] MP[-1] Unknown command.
It was a potion of brilliance.
You feel clever all of a sudden. The orc hits you with a +0 dagger.
* * * LOW HITPOINT WARNING * * *
😱 HP[-4]
You take 4 damage, and now have 1/47 hp.
Unknown command.
It was a potion of lignification.
You turn into a tree.
Your +0 scale mail melds into your body.
Your roots penetrate the ground. 😱 HP[+1]
You now have 70 max hp (+23).
Unknown command.
It was a potion of curing.
You feel better. The orc hits you but does no damage.
The orc hits you with a +0 morningstar.
* * * LOW HITPOINT WARNING * * *
😱 HP[+5]
You regained 5 hp, and now have 7/70 hp.
Unknown command.
It was a potion of degeneration.
There was something very wrong with that liquid.
You feel weakened.
You feel dopey.
You feel clumsy.
The orc hits you but does no damage. x2 😱 HP[+1]
You barely miss the orc. You block the orc's attack.
The orc hits you but does no damage.
You hit the orc. The orc hits you but does no damage. x3
You barely miss the orc. The orc hits you with a +0 morningstar.
* * * LOW HITPOINT WARNING * * *
The orc hits you but does no damage. 😱 HP[-3]
You take 3 damage, and now have 5/70 hp.
You barely miss the orc. The orc completely misses you.
The orc barely misses you.
You hit the orc but do no damage. The orc hits you but does no damage. x2
The orc hits you with a +0 morningstar.
* * * LOW HITPOINT WARNING * * *
😱 HP[-2]
You take 2 damage, and now have 3/70 hp.
You closely miss the orc.
Your transformation is almost over.
The orc hits you with a +0 dagger.
* * * LOW HITPOINT WARNING * * *
You block the orc's attack. 😱 HP[-1]
You take 1 damage, and now have 2/70 hp.
Okay, then.
Okay, then.
You closely miss the orc. The orc hits you but does no damage. x2
You barely miss the orc. The orc hits you but does no damage.
You block the orc's attack.
Unknown command.
You sock the orc!
You kill the orc!
The orc hits you with a +0 morningstar.
You die...

Skill      XL: |  1  2  3  4  5  6 |
---------------+-------------------+-----
Maces & Flails | 3 4 5 6 |  6.3
Fighting       | |  3.2
Armour         | |  3.2
Shields        | |  4.0

Action                     |  1- 3 |  4- 6 || total
---------------------------+-------+-------++-------
  Melee: Flail             |    53 |   152 ||   205
    Use: Scroll            |       |     3 ||     3
         Potion            |       |     6 ||     6
 Armour: Scale mail        |    28 |   105 ||   133
         Skin              |       |    18 ||    18
  Dodge: Dodged            |    14 |    90 ||   104
  Block: Buckler           |    15 |    58 ||    73

Levels and vault maps discovered:
D:1:      lemuel_arrival_funnel, layout_loops_ring, minmay_misc_feat_nine_boxes
D:2:      layout_rooms, uniq_terence
D:3:      lemuel_castle_with_subvaults [lemuel_castle_interior_carwin_1],
          layout_loops_cross, nicolae_overflow_crystal_walls,
          gammafunk_ghost_gnarly_gnolls, serial_shops, shop_statue

Notes
Turn   | Place    | Note
-------+----------+-------------------------------------------
     0 | D:1      | kae the Formicid Fighter began the quest for the Orb.
     0 | D:1      | Reached XP level 1. HP: 18/18 MP: 1/1
     0 | D:1      | magus.rc [v1.11.3]
   124 | D:1      | Reached XP level 2. HP: 24/24 MP: 2/2
   464 | D:1      | Reached skill level 3 in Maces & Flails
   490 | D:1      | Reached XP level 3. HP: 29/29 MP: 3/3
   674 | D:2      | Noticed Terence
   685 | D:2      | Killed Terence
   686 | D:2      | Reached skill level 4 in Maces & Flails
   686 | D:2      | Reached XP level 4. HP: 28/35 MP: 4/4
  1179 | D:3      | Found a shadowy altar of Dithmenos.
  1489 | D:3      | Reached XP level 5. HP: 18/41 MP: 5/5
  1670 | D:3      | Reached skill level 5 in Maces & Flails
  1686 | D:3      | Reached XP level 6. HP: 28/47 MP: 6/6
  1693 | D:3      | Reached skill level 6 in Maces & Flails
  1886 | D:3      | HP: 5/47 [gnoll/+0 flail (10)]
  1893 | D:3      | Gained mutation: You are covered in fur. (AC +1) [potion of
                  | mutation]
  1893 | D:3      | Gained mutation: Your body sometimes deteriorates upon
                  | taking damage. [potion of mutation]
  1893 | D:3      | Gained mutation: Your magical capacity is low. (-10% MP)
                  | [potion of mutation]
  1893 | D:3      | Gained mutation: You are partially covered in iridescent
                  | scales. (AC +2) [potion of mutation]
  1894 | D:3      | HP: 1/47 [orc/+0 dagger (4)]
  1900 | D:3      | HP: 5/70 [orc/+0 morningstar (4)]
  1903 | D:3      | HP: 2/70 [orc/+0 dagger (2)]
  1906 | D:3      | Slain by an orc

Vanquished Creatures
  2 howler monkeys (D:3)
  A hound (D:3)
  Terence (D:2)
  An adder (D:2)
  5 gnolls (D:3)
  2 worms
  3 dart slugs (D:1)
  An orc (D:3)
  A bat (D:2)
  6 endoplasms
  4 giant cockroaches
  3 goblins
  7 hobgoblins
  11 jackals (D:3)
  A quokka (D:1)
  3 ball pythons
  3 frilled lizards (D:2)
  3 kobolds
  3 rats
61 creatures vanquished.

Table legend:
 A = Non-vault XP
 B = Vault XP
 C = Vault XP percentage of total XP
 D = Non-vault monster count
 E = Vault monster count
 F = Vault count percentage of total count
                 A         B        C        D         E       F
            +---------+---------+-------+---------+---------+-------
      Total |      92 |     278 |  75.1 |      40 |      21 |  34.4
            +---------+---------+-------+---------+---------+-------
        D:1 |      35 |       0 |   0.0 |      17 |       0 |   0.0
        D:2 |      40 |      32 |  44.4 |      15 |       1 |   6.2
        D:3 |      17 |     246 |  93.5 |       8 |      20 |  71.4
            +---------+---------+-------+---------+---------+-------

Skill      XL: |  1  2  3  4  5  6 |
---------------+-------------------+-----
Maces & Flails | 3 4 5 6 |  6.3
Fighting       | |  3.2
Armour         | |  3.2
Shields        | |  4.0

Action                     |  1- 3 |  4- 6 || total
---------------------------+-------+-------++-------
  Melee: Flail             |    53 |   152 ||   205
    Use: Scroll            |       |     3 ||     3
         Potion            |       |     6 ||     6
 Armour: Scale mail        |    28 |   105 ||   133
         Skin              |       |    18 ||    18
  Dodge: Dodged            |    14 |    90 ||   104
  Block: Buckler           |    15 |    58 ||    73

Illustrated notes

Table legend:
 A = Kills in this place as a percentage of kills in the entire game.
 B = Kills by you in this place as a percentage of kills by you in the entire game.
 C = Kills by friends in this place as a percentage of kills by friends in the entire game.
 D = Other kills in this place as a percentage of other kills in the entire game.
 E = Experience gained in this place as a percentage of experience gained in the entire game.
 F = Experience gained in this place divided by the number of levels of this place that you have seen.
                   A       B       C       D       E      F
               +-------+-------+-------+-------+-------+----------------------
         Total | 100.0 | 100.0 |   N/A |   N/A | 100.0 | 123.3
       Dungeon | 100.0 | 100.0 |   N/A |   N/A | 100.0 | 123.3
               +-------+-------+-------+-------+-------+----------------------

Table legend: (Time is in decaauts)
 A = Elapsed time spent in this place.
 B = Non-inter-level travel time spent in this place.
 C = Inter-level travel time spent in this place.
 D = Time resting spent in this place.
 E = Time spent auto-exploring this place.
 F = Levels seen in this place.
 G = Mean time per level.
                   A        B        C        D        E       F      G
               +--------+--------+--------+--------+--------+-----+--------+
         Total |   1959 |   1906 |     53 |      0 |   1422 |   3 |  653.0 |
       Dungeon |   1959 |   1906 |     53 |      0 |   1422 |   3 |  653.0 |
               +--------+--------+--------+--------+--------+-----+--------+

Top non-repeatable levels by time:
     D:3: 795 daAuts
     D:1: 639 daAuts
     D:2: 525 daAuts
